 Dungeon Crawl Stone Soup version 0.13.2 (webtiles) character file.

1252 sanboga the Shield-Bearer (level 8, -18/68 HPs)
             Began as a Minotaur Fighter on Mar 13, 2017.
             Was a Follower of Okawaru.
             Demolished by a hill giant
             ... wielding a +0,+0 giant club
             ... summoned by the rage of Trog
              (46 damage)
             ... on Level 6 of the Dungeon.
             The game lasted 00:30:39 (5943 turns).

sanboga the Shield-Bearer (Minotaur Fighter)        Turns: 5943, Time: 00:30:39

HP -18/68        AC  6     Str 22      XL: 8   Next: 15%
MP   2/2         EV 11     Int  5      God: Okawaru [*.....]
Gold 108         SH 21     Dex 11      Spells:  0 memorised,  7 levels left

Res.Fire  : + . .   See Invis. : .   e - +0,+1 dagger (drain)
Res.Cold  : . . .   Warding    : +   b - +1 orc leather armour {MR+}
Life Prot.: + . .   Conserve   : .   c - +0 shield
Res.Poison: .       Res.Corr.  : .   (helmet restricted)
Res.Elec. : .       Clarity    : .   n - +0 cloak
Sust.Abil.: . .     Spirit.Shd : .   (no gloves)
Res.Mut.  : .       Stasis     : .   (no boots)
Res.Rott. : .       Flight     : .   i - amulet of warding
Saprovore : . . .                    (no ring)
                                     f - ring of protection from fire

@: somewhat resistant to hostile enchantments, unstealthy
A: retaliatory headbutt, horns 2
a: Heroism, Renounce Religion


You were on level 6 of the Dungeon.
You worshipped Okawaru.
Okawaru was aware of your devotion.
You were not hungry.

You visited 2 branches of the dungeon, and saw 7 of its levels.

You collected 297 gold pieces.
You spent 209 gold pieces at shops.

Inventory:

Hand weapons
 e - a +0,+1 dagger of draining (weapon)
 k - a +0 orcish blowgun
Missiles
 l - 3 darts of dispersal (quivered)
 m - 4 darts of flame
 o - 15 poisoned needles
 z - 4 curare-tipped needles
Armour
 b - a +1 orcish leather armour of magic resistance (worn)
 c - a +0 shield (worn)
 n - a +0 cloak (worn)
 E - a +0 chain mail
Magical devices
 D - a wand of paralysis (13)
Comestibles
 a - a meat ration
 d - 3 bread rations
 r - a pear
 u - an apple
 A - a choko
Scrolls
 h - 2 scrolls of fog
 j - 2 scrolls of fear
 y - a scroll of teleportation
 B - 3 scrolls of remove curse
 C - a scroll of enchant weapon III {unknown}
 F - 2 scrolls of identify
Jewellery
 f - a ring of protection from fire (left hand)
 i - an amulet of warding (around neck)
Potions
 p - a potion of brilliance
 q - a potion of magic
 t - a potion of invisibility
 w - 5 potions of heal wounds
 x - 2 potions of curing
 G - a potion of agility
Books
 s - a book of Party Tricks

   Spells                             Type                      Level
   Summon Butterflies                 Summoning                    1
   Apportation                        Translocation                1
   Blink                              Translocation                2
   Alistair's Intoxication            Transmutation/Poison         4
   Tukima's Dance                     Hexes                        5
 v - a book of Callings

   Spells                             Type                      Level
   Summon Small Mammal                Summoning                    1
   Call Imp                           Summoning                    2
   Call Canine Familiar               Summoning                    3
   Summon Scorpions                   Summoning/Poison             4
   Summon Ice Beast                   Ice/Summoning                4


   Skills:
 * Level 5.6 Fighting
 - Level 4.2 Short Blades
 * Level 6.4 Armour
 - Level 5.0 Dodging
 + Level 0.8 Stealth
 + Level 6.9 Shields


You had 7 spell levels left.
You didn't know any spells.

Dungeon Overview and Level Annotations

Branches:
Dungeon (6/27)             Temple (1/1) D:4
    Orc: D:6-11

Altars:
Ashenzari
Makhleb
Nemelex Xobeh
Okawaru
Trog
Vehumet
Yredelemnul
Zin

Shops:
D:4 ![/


Innate Abilities, Weirdness & Mutations

You reflexively headbutt those who attack you in melee.
You have a pair of horns on your head.


Message History

The hill giant is lightly wounded.
The hill giant closely misses you. You furiously retaliate!
You headbutt the hill giant!
You hit the hill giant but do no damage.
You drain the hill giant!
You headbutt the hill giant, but do no damage.
The hill giant is moderately wounded.
You block the hill giant's attack.
You hit the hill giant but do no damage.
You drain the hill giant! You headbutt the hill giant!
The hill giant is heavily wounded.
The hill giant closely misses you.
You hit the hill giant. You headbutt the hill giant!
The hill giant is severely wounded.
You hit the hill giant but do no damage.
You drain the hill giant! You headbutt the hill giant!
The hill giant is severely wounded.
The hill giant hits you with a giant club!
Ouch! That really hurt!
You die...

### #
#.#############
#
#..........@CO#
#
#.###########.#
# #.# # # #.# #
#.# ######.#
.......#
#.####.# #.#
#.#


You could see a hill giant (berserk) and an ogre (berserk).

Vanquished Creatures
  The ghost of guoaf the Ruffian, an average TrBe of Trog (D:5)
  An ogre (D:4)
  3 giant frogs (D:6)
  A jelly (D:5)
  A hippogriff skeleton (D:5)
  3 crimson imps
  A hound (D:6)
  2 orc wizards
  A scorpion (D:5)
  2 iguanas
  4 worker ants
  An ogre skeleton (D:4)
  6 gnolls
  6 adders
  A giant mite (D:3)
  An iguana zombie (D:5)
  A giant eyeball (D:5)
  A giant gecko (D:5)
  18 orcs
  13 hobgoblins
  7 jackals
  17 kobolds
  A quokka (D:4)
  13 bats
  3 giant cockroaches (D:2)
  4 giant newts
  9 goblins
  2 orc skeletons
  8 rats
132 creatures vanquished.

Notes
Turn   | Place    | Note
--------------------------------------------------------------
     0 | D:1      | sanboga, the Minotaur Fighter, began the quest for the Orb.
     0 | D:1      | Reached XP level 1. HP: 19/19 MP: 0/0
   434 | D:1      | Reached XP level 2. HP: 23/26 MP: 0/0
   551 | D:1      | Reached skill level 4 in Shields
   976 | D:2      | Reached XP level 3. HP: 28/33 MP: 1/1
  1880 | D:3      | Reached skill level 1 in Dodging
  1891 | D:3      | Found a radiant altar of Vehumet.
  1966 | D:3      | Found a bloodstained altar of Trog.
  2237 | D:3      | Reached XP level 4. HP: 40/40 MP: 1/1
  2549 | D:3      | Became a worshipper of Trog the Wrathful
  2630 | D:4      | Found Ywaa's Antique Armour Shoppe.
  2635 | D:4      | Reached skill level 5 in Shields
  2667 | D:4      | Bought a runed robe for 15 gold pieces
  2688 | D:4      | Found Isonoj's Distillery.
  2720 | D:4      | Bought a potion of curing for 22 gold pieces
  2720 | D:4      | Bought a potion of curing for 22 gold pieces
  2770 | D:4      | Reached XP level 5. HP: 42/46 MP: 1/1
  3013 | D:4      | Acquired Trog's first power
  3274 | D:4      | Noticed an ogre
  3301 | D:4      | Killed an ogre
  3301 | D:4      | Reached skill level 5 in Armour
  3301 | D:4      | Reached XP level 6. HP: 13/53 MP: 2/2
  3657 | D:4      | Found Buutt's Magical Wand Boutique.
  3667 | D:4      | Bought a wand of paralysis (13) for 150 gold pieces
  3786 | D:4      | Found a staircase to the Ecumenical Temple.
  3800 | Temple   | Entered the Ecumenical Temple
  3815 | Temple   | Fell from the grace of Trog
  3815 | Temple   | Became a worshipper of Warmaster Okawaru
  3897 | D:5      | Entered Level 5 of the Dungeon
  3900 | D:5      | Noticed guoaf's ghost (average TrBe)
  3936 | D:5      | Killed guoaf's ghost
  3936 | D:5      | Reached skill level 5 in Fighting
  3936 | D:5      | Reached skill level 6 in Shields
  3936 | D:5      | Reached XP level 7. HP: 43/60 MP: 2/2
  4134 | D:5      | Paralysed by a giant eyeball for 2 turns
  4720 | D:5      | Got a bloodstained trident
  5201 | D:6      | Acquired Okawaru's first power
  5251 | D:6      | Found a burning altar of Makhleb.
  5403 | D:6      | Reached XP level 8. HP: 68/68 MP: 2/2
  5645 | D:6      | Found a basalt altar of Yredelemnul.
  5896 | D:6      | Reached skill level 5 in Dodging
  5936 | D:6      | Noticed a hill giant
  5943 | D:6      | Demolished by a hill giant

Action                   |  1- 3 |  4- 6 |  7- 9 || total
-------------------------+-------+-------+-------++-------
Melee: Dagger            |    93 |       |   131 ||   224
       Short sword       |    39 |   184 |   112 ||   335
  Use: Scroll            |     9 |       |     5 ||    14
       Potion            |    10 |     4 |     1 ||    15
